 Dungeon Crawl Stone Soup version 0.13-a0-2979-gb6a86b3 (webtiles) character file.

154 PolkaDot the Ruinous (level 4, -2/28 HPs)
             Began as a Vampire Wizard on Sept 7, 2013.
             Slain by a gnoll (8 damage)
             ... on Level 2 of the Dungeon.
             The game lasted 00:08:37 (1618 turns).

PolkaDot the Ruinous (Vampire Wizard)               Turns: 1618, Time: 00:08:37

HP  -2/28        AC  3     Str  6      XL: 4   Next: 31%
MP   5/12        EV 12     Int 21      God:
Gold 65          SH  0     Dex 12      Spells:  3 memorised,  2 levels left

Res.Fire  : . . .   See Invis. : +   h - +0 spear
Res.Cold  : . . .   Warding    : .   a - +0 robe
Life Prot.: . . .   Conserve   : .   (no shield)
Res.Poison: .       Res.Corr.  : .   b - +0 wizard hat
Res.Elec. : .       Clarity    : .   m - +0 cloak
Sust.Abil.: . .     Spirit.Shd : .   (no gloves)
Res.Mut.  : .       Stasis     : .   (no boots)
Res.Rott. : .       Flight     : .   (no amulet)
Saprovore : . . .                    (no ring)
                                     (no ring)

@: regenerating quickly, slightly resistant to hostile enchantments, stealthy
A: fangs 3, see invisible, unbreathing
a: no special abilities


You were on level 2 of the Dungeon.
You were full.

You visited 1 branch of the dungeon, and saw 2 of its levels.

You collected 45 gold pieces.

Inventory:

Hand weapons
 f - a +1,+0 elven dagger (quivered)
 h - a +0,+0 spear (weapon)
Armour
 a - a +0 robe (worn)
 b - a +0 wizard hat (worn)
 m - a +0 cloak (worn)
Scrolls
 e - 2 scrolls of teleportation {unknown}
 g - 2 scrolls of identify {unknown}
 j - a scroll of amnesia {unknown}
 k - a scroll of enchant armour {unknown}
Jewellery
 i - an uncursed ring of protection from magic {unknown}
 l - an uncursed ring of protection from magic {unknown}
Potions
 d - a potion of blood
Books
 c - a book of Minor Magic

   Spells                             Type                      Level
   *Magic Dart                        Conjuration                  1
   Blink                              Translocation                2
   Call Imp                           Summoning                    2
   Repel Missiles                     Charms/Air                   2
   Slow                               Hexes                        2
   *Conjure Flame                     Conjuration/Fire             3
   *Mephitic Cloud                    Conjuration/Poison/Air       3


   Skills:
 - Level 2.1 Dodging
 - Level 3.0 Stealth
 - Level 3.0 Spellcasting
 * Level 3.1 Conjurations
   Level 1.0 Summonings
   Level 0.7 Translocations


You had 2 spell levels left.
You knew the following spells:

 Your Spells              Type           Power        Failure   Level  Hunger
a - Magic Dart            Conj           ###.         4%          1    None
d - Mephitic Cloud        Conj/Pois/Air  #.......     30%         3    ###....
s - Conjure Flame         Conj/Fire      #.......     24%         3    ###....


Dungeon Overview and Level Annotations

Branches:
Dungeon (2/27)

Altars:
Okawaru


Innate Abilities, Weirdness & Mutations

Your natural rate of healing is unusually fast.
You have razor-sharp teeth.*
You have supernaturally acute eyesight.
You can survive without breathing.*


Message History

The gnoll is heavily wounded.
The gnoll hits you.
* * * LOW HITPOINT WARNING * * *
Casting: Magic Dart
Confirm with . or Enter, or press ? or * to list all spells.
Aiming: Magic Dart
Press: ? - help, Shift-Dir - straight line, f/p - giant newt
Aim: a giant newt The magic dart hits the gnoll.
The gnoll is almost dead.
The gnoll misses you.
Casting: Magic Dart
Confirm with . or Enter, or press ? or * to list all spells.
Aiming: Magic Dart
Press: ? - help, Shift-Dir - straight line, f/p - giant newt
Aim: a giant newt The magic dart hits the gnoll.
The gnoll is almost dead.
The gnoll hits you!
You die...

.# #.# . .###########.#
#..## .......))....# #....
.##########..# #...
.##########).#####..### .
......................##.>
##.########%.#####........#
.# #.....##.....#... #
#.....@gl.......#
#####.##........#
#######.##.......$#
#^......##.#.......#
#.#####.##.....#..> #.#
#.#####.#_#.# #.# #.# .. ..
#.# #.# ... . #.#####.# ###


You could see a gnoll and a giant newt.

Vanquished Creatures
  Crazy Yiuf (D:2)
  2 gnolls (D:2)
  A worm (D:1)
  A giant gecko (D:2)
  An ooze (D:1)
  4 bats
  3 giant cockroaches (D:1)
  10 goblins
  5 hobgoblins
  A quokka (D:1)
  A giant newt (D:1)
  A kobold (D:1)
  3 rats (D:1)
34 creatures vanquished.

Notes
Turn   | Place    | Note
--------------------------------------------------------------
     0 | D:1      | PolkaDot, the Vampire Wizard, began the quest for the Orb.
     0 | D:1      | Reached XP level 1. HP: 11/11 MP: 6/6
   283 | D:1      | Reached skill level 1 in Conjurations
   594 | D:1      | Reached XP level 2. HP: 17/17 MP: 0/8
  1025 | D:1      | Reached XP level 3. HP: 22/22 MP: 3/10
  1306 | D:2      | Noticed Crazy Yiuf
  1312 | D:2      | Learned a level 3 spell: Conjure Flame
  1316 | D:2      | Learned a level 3 spell: Mephitic Cloud
  1329 | D:2      | Killed Crazy Yiuf
  1446 | D:2      | Reached XP level 4. HP: 28/28 MP: 8/12
  1601 | D:2      | Found an iron altar of Okawaru.
  1618 | D:2      | Slain by a gnoll

Action                   |  1- 3 |  4- 6 || total
-------------------------+-------+-------++-------
Melee: Unarmed           |    10 |       ||    10
       Spear             |    34 |    18 ||    52
       Dagger            |     5 |       ||     5
 Cast: Magic Dart        |    81 |    13 ||    94
       Conjure Flame     |     1 |       ||     1
       Mephitic Cloud    |       |     1 ||     1
  Use: Potion            |       |     1 ||     1
